 Dungeon Crawl Stone Soup version 0.29.1-4-g47bece8355 (webtiles) character file.

Game seed: 18367981098620735526

43 CaptainMV the Vexing (level 3, -2/28 HPs)
             Began as a Gnoll Arcane Marksman on Dec 7, 2022.
             Killed from afar by a white imp (10 damage)
             ... with a puff of frost
             ... summoned by Natasha
             ... on level 3 of the Dungeon.
             The game lasted 00:12:59 (1135 turns).

CaptainMV the Vexing (Gnoll Arcane Marksman)        Turns: 1135, Time: 00:12:59

Health: -2/28      AC:  3    Str:  9    XL:     3   Next: 58%
Magic:  16/16      EV: 13    Int: 20    God:
Gold:   81         SH:  0    Dex: 12    Spells: 6/7 levels left

rFire   . . .      SeeInvis .   a - +1 sling
rCold   . . .      Faith    .   (no shield)
rNeg    . . .      Spirit   .   c - +0 robe
rPois   .          Reflect  .   (no helmet)
rElec   .          Harm     .   (no cloak)
rCorr   .          Rampage  .   i - +0 pair of gloves
Will    .....                   (no boots)
Stlth   +.........              (no amulet)
HPRegen 0.09/turn               h - ring of magical power
MPRegen 0.15/turn               k - +6 ring of intelligence

@: no status effects
A: fangs 1, strong nose, distributed training
a: no special abilities


You were on level 3 of the Dungeon.
You visited 1 branch of the dungeon, and saw 3 of its levels.

You collected 81 gold pieces.

Inventory:

Hand Weapons
 a - a +1 sling (weapon)
 d - a +0 dagger
Missiles
 e - 8 stones
Armour
 c - a +0 robe (worn)
 i - a +0 pair of gloves (worn)
Jewellery
 h - a ring of magical power (left hand)
 k - a +6 ring of intelligence (right hand)
Scrolls
 f - 2 scrolls of teleportation {unknown}
 g - a scroll of vulnerability {unknown}
 j - 2 scrolls of identify {unknown}
 l - a scroll of butterflies {unknown}
 n - a scroll of noise {unknown}
 o - a scroll of fear {unknown}
 p - 3 scrolls of immolation {unknown}
Potions
 m - 2 potions of curing {unknown}
 q - a potion of magic {unknown}
 r - a potion of berserk rage {unknown}
 s - a potion of invisibility {unknown}


   Skills:
 + Level 2.6 Fighting
 + Level 0.9 Short Blades
 + Level 0.9 Long Blades
 + Level 0.9 Axes
 + Level 0.9 Maces & Flails
 + Level 0.9 Polearms
 + Level 0.9 Staves
 + Level 4.5 Ranged Weapons
 + Level 0.9 Throwing
 + Level 0.9 Armour
 + Level 4.5 Dodging
 + Level 0.9 Stealth
 + Level 0.9 Shields
 + Level 0.9 Unarmed Combat
 + Level 2.8 Spellcasting
 + Level 0.6 Conjurations
 + Level 5.4 Hexes
 + Level 0.6 Summonings
 + Level 0.6 Necromancy
 + Level 0.6 Translocations
 + Level 0.6 Transmutations
 + Level 0.6 Fire Magic
 + Level 0.6 Ice Magic
 + Level 0.6 Air Magic
 + Level 0.6 Earth Magic
 + Level 0.6 Poison Magic
 + Level 1.0 Invocations
 + Level 0.9 Evocations


You had 6 spell levels left.
You knew the following spells:

 Your Spells              Type           Power      Damage    Failure   Level
a - Slow                  Hex            96%        N/A       1%          1

Your spell library contained the following spells:

 Spells                   Type           Power      Damage    Failure   Level
 Ensorcelled Hibernation  Hex/Ice        30%        N/A       6%          2
 Inner Flame              Hex/Fire       15%        N/A       12%         3
 Portal Projectile        Hex/Tloc       30%        N/A       12%         3
 Cause Fear               Hex            12%        N/A       16%         4
 Spider Form              Tmut/Pois      5%         N/A       32%         3
 Anguish                  Hex/Necr       7%         N/A       38%         4


Dungeon Overview and Level Annotations

Branches:
Dungeon (3/15)

Altars:

Shops:
D:2 (

Annotations:
D:3 Natasha


Innate Abilities, Weirdness & Mutations

You have very sharp teeth.
Your uncanny sense of smell can sniff out nearby items.
Your experience applies equally to all skills.


Message History

You shoot a sling bullet. The sling bullet hits the orc.
The orc is almost dead.
The kobold throws a stone.
The stone misses you.
Fire: a) +1 sling
Press: ? - help, Q - select action, (/) - cycle Shift-Dir - straight line, f - Natasha, p - orc
Aim: Natasha (51% to hit)
You shoot a sling bullet.
The sling bullet hits Natasha but does no damage.
Fire: a) +1 sling
Press: ? - help, Q - select action, (/) - cycle Shift-Dir - straight line, f/p - Natasha
Aim: Natasha (51% to hit)
You shoot a sling bullet.
The sling bullet hits Natasha but does no damage.
The white imp puffs mist at you.
The kobold throws a stone.
The stone hits you but does no damage.
Natasha casts a spell.
The white imp spits at you.
Fire: a) +1 sling
Press: ? - help, Q - select action, (/) - cycle Shift-Dir - straight line, f/p - Natasha
Aim: Natasha (51% to hit)
You shoot a sling bullet. The sling bullet hits Natasha!
Natasha is heavily wounded.
The white imp gestures at you. The puff of frost hits you!
* * * LOW HITPOINT WARNING * * *
Fire: a) +1 sling
Press: ? - help, Q - select action, (/) - cycle Shift-Dir - straight line, f/p - Natasha
Aim: Natasha (heavily wounded, 51% to hit)
You shoot a sling bullet. The sling bullet hits Natasha.
Natasha is almost dead.
Unknown command.
Fire: a) +1 sling
Press: ? - help, Q - select action, (/) - cycle Shift-Dir - straight line, f/p - Natasha
Aim: Natasha (almost dead, 51% to hit)
You shoot a sling bullet.
The sling bullet closely misses Natasha.
The sling bullet barely misses the white imp.
The white imp gestures at you. The puff of frost hits you!
You die...

#........
#.§°○☼☼.
#☼☼°.§.#
#☼§☼○§.#
#.§.☼55#
#§○ooh#
#☼§☼○°########
#○°§5.)§○§○§☼#
######@○§°○.§#
#§§☼§○§☼#
§§§§°§☼§#
°☼☼☼######
§§☼°☼# ○☼§§°°#
°°K§§§§#
§.#######


You could see an iron imp (summoned), Natasha, 2 white imps, 2 orcs and a
kobold.

Vanquished Creatures
  2 adders (D:2)
  An ufetubus (D:2)
  An orc (D:3)
  2 ball pythons
  2 bats
  An endoplasm (D:2)
  2 giant cockroaches
  3 frilled lizards
  2 goblins (D:2)
  2 kobolds (D:1)
  3 rats
21 creatures vanquished.

Vanquished Creatures (others)
  A plant (D:1)
1 creature vanquished.

Grand Total: 22 creatures vanquished

Notes
Turn   | Place    | Note
-------+----------+-------------------------------------------
     0 | D:1      | CaptainMV the Gnoll Arcane Marksman began the quest for the
                  | Orb.
     0 | D:1      | Reached XP level 1. HP: 17/17 MP: 4/4
   167 | D:1      | Reached XP level 2. HP: 23/23 MP: 5/5
   282 | D:1      | Found a faded altar of an unknown god.
   299 | D:1      | You fall into a shaft and drop 1 floor!
   391 | D:2      | Reached XP level 3. HP: 23/28 MP: 7/7
   589 | D:2      | Reached skill level 1 in Invocations
  1013 | D:2      | Found Vuohiagoxki's Antique Weapon Emporium.
  1118 | D:3      | Noticed Natasha
  1135 | D:3      | Killed from afar by a white imp

Illustrated notes

Levels and vault maps discovered:
D:1:      psy_arrival_conway, layout_basic,
          dreamdust_ecumenical_altar_angels_and_demons
D:2:      layout_basic, serial_shops, shop_fountains
D:3:      layout_basic, nicolae_gozag_cash_rules_everything_around_me,
          uniq_natasha

Skill      XL: |  1  2  3 |
---------------+----------+-----
Invocations    | 1 |  1.0
Fighting       | |  2.6
Short Blades   | |  0.9
Long Blades    | |  0.9
Axes           | |  0.9
Maces & Flails | |  0.9
Polearms       | |  0.9
Staves         | |  0.9
Ranged Weapons | |  4.5
Throwing       | |  0.9
Armour         | |  0.9
Dodging        | |  4.5
Stealth        | |  0.9
Shields        | |  0.9
Unarmed Combat | |  0.9
Spellcasting   | |  2.8
Conjurations   | |  0.6
Hexes          | |  5.4
Summonings     | |  0.6
Necromancy     | |  0.6
Translocations | |  0.6
Transmutations | |  0.6
Fire Magic     | |  0.6
Ice Magic      | |  0.6
Air Magic      | |  0.6
Earth Magic    | |  0.6
Poison Magic   | |  0.6
Evocations     | |  0.9

Action                   || total
-------------------------++-------
Melee: Sling             ||    19
       Bite              ||     3
       Punch             ||     1
 Fire: Sling             ||    77
 Cast: Slow              ||     3
  Use: Scroll            ||     1
Armor: Robe              ||    12
Dodge: Dodged            ||    54
